 Dungeon Crawl Stone Soup version 0.30.0-20-g3615ddf2f0 (webtiles) character file.

Game seed: 18293282412900942526

472 qw the Chopper (level 7, -5/43 HPs)
             Began as a Gargoyle Fighter on May 31, 2023.
             Slain by an orc
             ... wielding a +0 flail
              (6 damage)
             ... on level 4 of the Dungeon.
             The game lasted 00:01:48 (2888 turns).

qw the Chopper (Gargoyle Fighter)                   Turns: 2888, Time: 00:01:49

Health: -5/43      AC: 20    Str: 24    XL:     7   Next: 9%
Magic:  7/7        EV:  4    Int:  9    God:
Gold:   191        SH:  0    Dex:  9    Spells: 6/6 levels left

rFire   . . .        Y - +0 war axe
rCold   . . .        c - +0 buckler
rNeg    + . .        k - +0 chain mail
rPois   inf          (no helmet)
rElec   +            p - +0 cloak
rCorr   .            b - +1 pair of gloves {Str+3}
SInv    .            a - +2 pair of boots
Will    .....        i - amulet of reflection Stlth
                     (no ring)
HPRegen 0.27/turn    (no ring)
MPRegen 0.10/turn

%: reflection
@: held
A: sickness immunity, AC +4, negative energy resistance 1, electricity
resistance, torment resistance 1, petrification resistance
a: no special abilities


You were on level 4 of the Dungeon.
You visited 1 branch of the dungeon, and saw 4 of its levels.

You collected 191 gold pieces.


Innate Abilities, Weirdness & Mutations

You are immune to sickness and miasma.
Your stone body is resilient. (AC +4)
You are immune to poison.
You resist negative energy. (rN+)
You are resistant to electric shocks. (rElec)
You are resistant to unholy torment.
You are immune to petrification.


   Skills:
 - Level 4.1 Fighting
 + Level 6.0 Axes
 - Level 3.2 Armour
 - Level 1.6 Dodging
 - Level 3.2 Shields


You had 6 spell levels left.
You didn't know any spells.
Your spell library was empty.

Inventory:

Hand Weapons
 f - a +0 flail
 Y - a +0 war axe (weapon)
Armour
 a - a +2 pair of boots (worn)
 b - a +1 pair of gloves of strength (worn)
 c - a +0 buckler (worn)
 k - a +0 chain mail (worn)
 p - a +0 cloak (worn)
Jewellery
 i - an amulet of reflection (around neck)
Wands
 j - a wand of digging (5)
Potions
 d - 3 potions of might
 e - a potion of degeneration {unknown}
 g - 2 potions of attraction
 h - 2 potions of curing
 l - a potion of heal wounds {unknown}

Dungeon Overview and Level Annotations

Branches:
Dungeon (4/15)
 Temple: D:4-7

Altars:
Ashenzari
Qazlal
Yredelemnul


Message History

The orc hits you but does no damage. The orc hits you but does no damage. x3
The orc hits you but does no damage. The orc completely misses you.
The orc hits you but does no damage. The orc hits you but does no damage. x3
The orc hits you but does no damage. x2; The orc hits you with a +0 mace.
The orc hits you but does no damage. x3
The orc barely misses you. The orc hits you but does no damage. x2
The orc hits you with a +0 mace. The orc hits you but does no damage.
The orc hits you with a +0 mace. The orc hits you but does no damage.
The orc hits you with a +0 flail! The orc hits you with a +0 mace.
The orc hits you but does no damage. x3
The orc hits you with a +0 mace. The orc hits you but does no damage. x2
Enter note:
Enter note:
Enter note: You struggle against the net.
The orc hits you but does no damage. x3
The orc hits you but does no damage. The orc barely misses you.
The orc hits you but does no damage. The orc hits you but does no damage. x3
The orc hits you with a +0 mace. The orc hits you but does no damage. x2
The orc hits you but does no damage. The orc barely misses you.
The orc hits you but does no damage. The orc hits you but does no damage.
The orc hits you with a +0 flail. The orc hits you but does no damage.
The orc hits you but does no damage. x3
The orc hits you but does no damage. x3
The orc hits you with a +0 mace. The orc hits you with a +0 flail.
The orc hits you but does no damage. The orc hits you with a +0 mace.
The orc hits you but does no damage. x2
The orc hits you with a +0 mace. The orc hits you with a +0 flail.
The orc hits you with a +0 mace.
Enter note:
Enter note:
Enter note: You tear a large gash into the net.
The orc closely misses you. The orc hits you with a +0 flail.
You die...

.......##.)......################
.......########### ...%......#
#####.....# ######### # #.....#
#.......# # ####### #.......# #
#.......# ##..
..######o......######## ....
.......o@......'......### ##..
o.######o......######...#
#........# ##... #.########
##..## #..# #.# #..### #..##
##.## ##..### ##..# #...# #..###.
##.###.#.###.## #. ######
#..#..#..#..# #.


You could see 3 orcs.

Vanquished Creatures
  A centaur (D:4)
  2 scorpions
  An orc priest (D:4)
  A sleepcap (D:4)
  A hound (D:4)
  A jelly (D:4)
  An orc wizard (D:4)
  4 adders
  An ufetubus (D:4)
  A dart slug (D:4)
  5 orcs (D:4)
  4 bats
  5 endoplasms
  4 giant cockroaches
  11 goblins
  10 hobgoblins
  8 jackals (D:2)
  5 quokkas
  9 ball pythons
  3 frilled lizards
  7 kobolds
  10 rats
95 creatures vanquished.

Notes
Turn   | Place    | Note
-------+----------+-------------------------------------------
     0 | D:1      | qw the Gargoyle Fighter began the quest for the Orb.
     0 | D:1      | Reached XP level 1. HP: 14/14 MP: 1/1
     0 | D:1      | 0 ||| qw: Version: 0.2-a-102-gfc559e5
     0 | D:1      | 0 ||| qw: Game counter: 568
     0 | D:1      | 0 ||| qw: Always use a shield: true
     0 | D:1      | 0 ||| qw: God list: Okawaru
     0 | D:1      | 0 ||| qw: Allow faded altars: false
     0 | D:1      | 0 ||| qw: Do Orc after D:15 true
     0 | D:1      | 0 ||| qw: Do second Lair branch before Depths: true
     0 | D:1      | 0 ||| qw: Lair rune preference: random
     0 | D:1      | 0 ||| qw: Plans: Normal, Zot:1-4, Slime:5, God:TSO, Crypt,
                  | Tomb, Pan, Hells, Abyss, Win
     0 | D:1      | 0 ||| PLANNING D:1-11
    46 | D:1      | 46 ||| Stepping ~*~*~tactically~*~*~ (hiding).
    55 | D:1      | Reached skill level 2 in Axes
    64 | D:1      | Reached XP level 2. HP: 19/19 MP: 2/2
    64 | D:1      | 64 ||| Stepping ~*~*~tactically~*~*~ (hiding).
    66 | D:1      | 66 ||| Stepping ~*~*~tactically~*~*~ (hiding).
   125 | D:1      | 125 ||| DROPPING +0 club.
   323 | D:1      | 323 ||| Stepping ~*~*~tactically~*~*~ (stealth).
   326 | D:1      | Reached skill level 3 in Axes
   491 | D:1      | Reached XP level 3. HP: 23/23 MP: 3/3
   613 | D:1      | 613 ||| DROPPING scarf of invisibility.
   614 | D:1      | 614 ||| READING scroll labelled OWIDUR TIUTOUH.
   615 | D:1      | 615 ||| DRINKING 2 brown potions.
   700 | D:2      | 700 ||| DROPPING +0 whip.
   775 | D:2      | 775 ||| Stepping ~*~*~tactically~*~*~ (stealth).
   776 | D:2      | 776 ||| Stepping ~*~*~tactically~*~*~ (stealth).
   920 | D:2      | Reached XP level 4. HP: 28/28 MP: 4/4
   930 | D:2      | Found a faded altar of an unknown god.
   950 | D:2      | Noticed a scorpion
   957 | D:2      | Killed a scorpion
   958 | D:2      | Reached skill level 4 in Axes
   958 | D:2      | Reached XP level 5. HP: 25/32 MP: 5/5
  1239 | D:2      | 1239 ||| UPGRADING to +2 pair of boots.
  1244 | D:2      | 1244 ||| UPGRADING to +0 chain mail.
  1254 | D:2      | 1254 ||| DROPPING +0 scale mail.
  1255 | D:2      | 1255 ||| UPGRADING to +0 cloak.
  1260 | D:2      | 1260 ||| READING scroll labelled JESAKHLAAGI.
  1261 | D:2      | 1261 ||| READING scroll labelled DAXKICEGGU.
  1262 | D:2      | 1262 ||| READING scroll labelled NYKHUC GIFOYCW.
  1263 | D:2      | 1263 ||| READING scroll labelled ZEESYA INUJA.
  1264 | D:2      | 1264 ||| READING scroll labelled TEETSO VIPSEI.
  1265 | D:2      | 1265 ||| READING scroll labelled GOFYNNIOSASOLU.
  1289 | D:2      | 1289 ||| DRINKING 2 murky brown potions.
  1367 | D:3      | Identified the +3 leather armour of Bazitun {rC+ rN+}
  1647 | D:3      | 1647 ||| Stepping ~*~*~tactically~*~*~ (hiding).
  1942 | D:3      | 1942 ||| UPGRADING to amulet of reflection.
  1947 | D:3      | 1947 ||| READING scroll labelled XIOMNA FEATO.
  1947 | D:3      | Identified a scroll of acquirement
  1947 | D:3      | 1947 ||| ACQUIRING +1 pair of gloves of strength
  1947 | D:3      | Acquired a +1 pair of gloves of strength
  1949 | D:3      | 1949 ||| UPGRADING to +1 pair of gloves of strength.
  1954 | D:3      | 1954 ||| READING scroll labelled XETZYOFUNA.
  2007 | D:4      | 2007 ||| Stepping ~*~*~tactically~*~*~ (stealth).
  2009 | D:4      | 2009 ||| Stepping ~*~*~tactically~*~*~ (stealth).
  2021 | D:4      | 2021 ||| Stepping ~*~*~tactically~*~*~ (stealth).
  2177 | D:4      | Reached skill level 5 in Axes
  2293 | D:4      | Reached XP level 6. HP: 29/38 MP: 6/6
  2338 | D:4      | 2338 ||| Stepping ~*~*~tactically~*~*~ (hiding).
  2487 | D:4      | Found a stormy altar of Qazlal.
  2487 | D:4      | Found a broken altar of Ashenzari.
  2497 | D:4      | 2497 ||| Stepping ~*~*~tactically~*~*~ (stealth).
  2498 | D:4      | 2498 ||| Stepping ~*~*~tactically~*~*~ (stealth).
  2499 | D:4      | 2499 ||| Stepping ~*~*~tactically~*~*~ (stealth).
  2500 | D:4      | 2500 ||| Stepping ~*~*~tactically~*~*~ (stealth).
  2501 | D:4      | 2501 ||| Stepping ~*~*~tactically~*~*~ (stealth).
  2649 | D:4      | Reached skill level 6 in Axes
  2677 | D:4      | Found a basalt altar of Yredelemnul.
  2678 | D:4      | 2678 ||| Stepping ~*~*~tactically~*~*~ (hiding).
  2686 | D:4      | Reached skill level 1 in Dodging
  2686 | D:4      | Reached XP level 7. HP: 35/43 MP: 7/7
  2702 | D:4      | 2702 ||| Stepping ~*~*~tactically~*~*~ (stealth).
  2703 | D:4      | 2703 ||| Stepping ~*~*~tactically~*~*~ (stealth).
  2832 | D:4      | 2832 ||| Stepping ~*~*~tactically~*~*~ (stealth).
  2887 | D:4      | HP: 9/43 [orc/+0 mace (4)]
  2887 | D:4      | HP: 4/43 [orc/+0 flail (5)]
  2887 | D:4      | HP: 1/43 [orc/+0 mace (3)]
  2888 | D:4      | Slain by an orc

Levels and vault maps discovered:
D:1:      nicolae_arrival_somewhat_less_tricky_arrival, layout_rooms,
          serial_bayou_pond_b, minmay_misc_feat_hallway
D:2:      cheibrodos_greedy_goblins, layout_rooms,
          hellmonk_ecumenical_altar_dog_temple, minmay_tall_x
D:3:      layout_loops_ring, minmay_misc_feat_plants, kennysheep_generic_room_5
D:4:      layout_basic, mainiacjoe_overflow_tiny_flanked,
          nicolae_overflow_two_pavilions, serial_curves, eino_curves_03,
          eino_curves_03, kennysheep_generic_room_15

Skill      XL: |  1  2  3  4  5  6 |
---------------+-------------------+-----
Axes           | 2 3 4 5 6 |  6.0
Fighting       | 4 |  4.1
Dodging        | 1 |  1.6
Armour         | |  3.2
Shields        | |  3.2

Action                     |  1- 3 |  4- 6 |  7- 9 || total
---------------------------+-------+-------+-------++-------
  Melee: War axe           |   115 |   139 |    12 ||   266
    Use: Scroll            |     1 |     8 |       ||     9
         Potion            |     1 |     1 |       ||     2
 Armour: Scale mail        |    73 |    22 |       ||    95
         Chain mail        |       |    49 |    59 ||   108
  Dodge: Dodged            |    48 |    61 |    14 ||   123
  Block: Buckler           |    24 |    38 |     2 ||    64
         Reflection        |       |     3 |       ||     3

Table legend:
 A = Non-vault XP
 B = Vault XP
 C = Vault XP percentage of total XP
 D = Non-vault monster count
 E = Vault monster count
 F = Vault count percentage of total count
                 A         B        C        D         E       F
            +---------+---------+-------+---------+---------+-------
      Total |     590 |      85 |  12.6 |      68 |      27 |  28.4
            +---------+---------+-------+---------+---------+-------
        D:1 |      31 |       8 |  20.5 |      20 |       5 |  20.0
        D:2 |     118 |      31 |  20.8 |      18 |      18 |  50.0
        D:3 |      10 |       6 |  37.5 |       7 |       3 |  30.0
        D:4 |     431 |      40 |   8.5 |      23 |       1 |   4.2
            +---------+---------+-------+---------+---------+-------
